Map: Avalon Labs

Players

Bionabolgeek

  • Race: Protoss Protoss
  • Spawn Location: 5:00

Dedok

  • Race: Terran Terran
  • League: Silver
  • Spawn Location: 6:00

Cadence

  • Race: Zerg Zerg
  • League: Diamond
  • Spawn Location: 6:00

Loken

  • Race: Protoss Protoss
  • League: Platinum
  • Spawn Location: 12:00

dallaskuken

  • Race: Protoss Protoss
  • League: Platinum
  • Spawn Location: 11:00

Myran

  • Race: Protoss Protoss
  • Spawn Location: 12:00

VOD

Have the link to the VOD?

Description

Time

  • Played on: April 2, 2017, 7:14 p.m.
  • Length: 19:35
Show
View Real Time Build Order
Export as new Build Order

Bionabolgeek Protoss 

Build Orders: Nexus First 

Get SALT Encoding   

  12  0:02  Probe (Chrono Boost)  
  13  0:19  Probe (Chrono Boost)  
  14  0:21  Pylon  
  14  0:29  Probe (Chrono Boost)  
  15  0:40  Probe (Chrono Boost)  
  16  0:58  Nexus  
  16  1:06  Probe (Chrono Boost)  
  17  1:13  Pylon  
  17  1:16  Assimilator  
  17  1:19  Probe (Chrono Boost)  
  18  1:34  Gateway  
  18  1:40  Gateway  
  18  1:41  Probe (Chrono Boost)  
  19  1:52  Probe (Chrono Boost)  
  20  2:03  Probe (Chrono Boost)  
  21  2:12  Probe (Chrono Boost)  
  22  2:23  Probe (Chrono Boost)  
  22  2:26  Cybernetics Core  
  24  2:30  Probe (Chrono Boost)  
  24  2:33  Probe (Chrono Boost)  
  25  2:40  Assimilator, Probe (Chrono Boost)  
  25  2:43  Zealot  
  29  2:44  Probe (Chrono Boost)  
  29  2:48  Zealot  
  31  2:55  Probe (Chrono Boost)  
  31  2:56  Probe (Chrono Boost)  
  33  3:05  Probe (Chrono Boost)  
  34  3:10  Stalker, Gateway  
  36  3:15  Stalker, Pylon  
  36  3:16  Probe (Chrono Boost)  
  36  3:19  Gateway  
  39  3:26  Probe (Chrono Boost)  
  40  3:31  Pylon  
  40  3:37  Probe (Chrono Boost)  
  40  3:40  Stalker  
  43  3:44  Stalker  
  43  3:47  Probe (Chrono Boost)  
  46  3:52  Forge  
  46  3:57  Twilight Council  
  46  3:58  Probe (Chrono Boost)  
  46  4:02  Pylon  
  47  4:10  Stalker  
  47  4:11  Stalker  
  47  4:12  Stalker  
  53  4:19  Assimilator  
  53  4:21  Probe (Chrono Boost)  
  53  4:23  Pylon  
  54  4:30  Assimilator  
  55  4:31  Probe (Chrono Boost)  
  55  4:33  Pylon  
  55  4:40  Protoss Ground Weapons Level 1  
  55  4:42  Probe (Chrono Boost)  
  55  4:44  Stalker  
  58  4:52  Probe (Chrono Boost)  
  59  4:56  Robotics Facility  
  59  4:59  Stalker  
  61  5:00  Stalker  
  61  5:03  Probe (Chrono Boost)  
  64  5:11  Stalker  
  64  5:13  Probe (Chrono Boost)  
  67  5:16  Stalker  
  69  5:23  Photon Cannon  
  69  5:24  Probe (Chrono Boost)  
  70  5:31  Pylon  
  70  5:34  Stalker x2  
  74  5:47  Observer  
  75  5:50  Blink  
  75  5:53  Stalker  
  73  6:09  Observer  
  74  6:23  Stalker x2  
  74  6:24  Stalker x2  
  82  6:30  Observer  
  83  6:36  Pylon  
  83  6:39  Pylon  
  83  6:51  Observer  
  83  6:53  Stalker x2  
  83  6:54  Stalker x2  
  92  7:04  Nexus  
  92  7:09  Protoss Ground Armor Level 1  
  92  7:13  Observer  
  93  7:18  Forge  
  93  7:27  Pylon  
  93  7:29  Stalker x4  
  101  7:30  Pylon  
  101  7:59  Stalker x4  
  109  8:29  Stalker x4  
  109  8:32  Observer  
  110  9:18  Stalker x4  
  110  9:23  Probe (Chrono Boost)  
  119  9:26  Photon Cannon  
  119  9:28  Photon Cannon  
  119  9:31  Photon Cannon  
  119  9:33  Photon Cannon, Probe (Chrono Boost)  
  119  9:37  Pylon  
  106  9:44  Probe (Chrono Boost)  
  106  9:45  Assimilator  
  99  9:48  Stalker x4  
  99  9:49  Assimilator  
  101  9:54  Probe (Chrono Boost)  
  100  10:05  Probe (Chrono Boost)  
  81  10:15  Probe (Chrono Boost)  
  81  10:18  Stalker x4  
  86  10:39  Gateway  
  86  10:40  Gateway  
  86  10:44  Protoss Shields Level 1  
  86  10:45  Protoss Ground Weapons Level 2  
  86  10:48  Stalker x2  
  90  10:50  Observer  
  90  10:56  Pylon  
  91  11:04  Robotics Facility  
  91  11:07  Robotics Facility  
  91  11:09  Probe (Chrono Boost)  
  92  11:12  Observer  
  93  11:20  Probe (Chrono Boost)  
  94  11:29  Nexus  
  94  11:31  Probe (Chrono Boost)  
  95  11:32  Pylon  
  95  11:35  Pylon  
  95  11:39  Pylon  
  95  11:41  Probe (Chrono Boost)  
  96  11:52  Probe (Chrono Boost)  
  97  11:56  Stalker x4  
  105  12:11  Immortal x3  
  105  12:13  Stalker  
  105  12:14  Stalker  
  121  12:26  Stalker x2  
  125  12:36  Photon Cannon  
  125  12:40  Photon Cannon  
  125  12:43  Photon Cannon  
  125  12:49  Probe (Chrono Boost)  
  126  12:54  Assimilator  
  126  12:57  Assimilator, Probe (Chrono Boost)  
  127  13:00  Probe (Chrono Boost)  
  128  13:08  Probe (Chrono Boost)  
  128  13:10  Probe (Chrono Boost)  
  130  13:18  Probe (Chrono Boost)  
  131  13:21  Probe (Chrono Boost)  
  132  13:27  Stalker  
  132  13:28  Stalker x4  
  132  13:29  Stalker, Probe (Chrono Boost)  
  132  13:32  Probe (Chrono Boost), Immortal x3  
  158  13:34  Protoss Ground Armor Level 2  
  158  13:37  Protoss Shields Level 2  
  158  13:39  Probe (Chrono Boost)  
  159  14:37  Stalker  
  159  14:38  Stalker x4  
  167  14:39  Stalker  
  167  14:41  Immortal x2  
  183  14:50  Pylon  
  183  14:51  Pylon  
  183  14:53  Pylon  
  183  14:55  Pylon  
  183  15:07  Stalker x2  
  183  15:08  Stalker x3  
  113  15:32  Stalker  
  115  15:37  Stalker x2  
  119  15:45  Stargate  
  119  15:46  Stargate  
  119  15:47  Stargate  
  119  15:50  Stargate, Protoss Air Weapons Level 1  
  119  15:57  Cybernetics Core  
  118  16:06  Stalker  
  118  16:07  Stalker x5  
  130  16:28  Nexus  
  130  16:36  Stalker  
  130  16:37  Stalker x5  
  114  17:05  Pylon  
  114  17:06  Stalker  
  114  17:07  Stalker x5  
  126  17:09  Pylon  
  126  17:13  Assimilator  
  126  17:18  Assimilator  
  126  17:36  Stalker  
  126  17:37  Stalker x3  
  134  17:52  Stalker x2  
  138  18:06  Stalker  
  138  18:07  Stalker x3  
  142  18:22  Stalker x2  
  146  18:36  Stalker x2  
  146  18:37  Stalker x2  
  138  18:52  Stalker x2  
  142  19:07  Nexus  
Show
View Real Time Build Order
Export as new Build Order

Dedok Terran 

Build Orders:  

Get SALT Encoding   

  12  0:01  SCV  
  13  0:13  SCV  
  14  0:23  Supply Depot  
  14  0:25  SCV  
  15  0:45  SCV  
  16  0:54  Barracks  
  16  0:57  SCV  
  17  1:06  Supply Depot  
  17  1:09  SCV  
  18  1:33  SCV  
  18  1:38  Supply Depot  
  19  1:45  SCV  
  20  1:51  Marine  
  21  1:57  SCV  
  21  1:58  Refinery  
  22  2:09  Refinery, Marine, SCV  
  22  2:13  Barracks  
  24  2:21  SCV  
  25  2:29  Marine  
  26  2:34  SCV  
  27  2:46  SCV  
  27  2:50  Factory  
  27  2:51  Marine  
  29  2:58  SCV  
  30  3:02  Barracks Tech Lab  
  30  3:07  Barracks  
  30  3:09  Barracks Reactor  
  30  3:17  SCV  
  31  3:27  Marauder  
  33  3:35  Widow Mine  
  35  3:54  Orbital Command  
  35  3:58  Barracks Reactor  
  35  4:03  Widow Mine  
  37  4:34  Marine x2  
  39  4:46  Supply Depot  
  39  5:01  Factory Tech Lab  
  39  5:03  Combat Shields  
  39  5:08  Marine x5  
  39  5:09  Command Center  
  39  5:12  Supply Depot  
  42  5:26  Marine  
  32  5:53  Engineering Bay  
  32  6:18  Refinery  
  32  6:19  Refinery  
  32  6:37  Marine x2  
  32  6:38  Marauder, Marine x2  
  38  6:42  Widow Mine  
  38  6:44  SCV  
  41  6:47  Sensor Tower  
  41  6:59  Marauder  
  43  7:06  Barracks Tech Lab x2  
  43  7:11  Terran Infantry Armor Level 1  
  42  7:45  Sensor Tower  
  42  7:48  Marauder x3  
  48  8:09  Marauder  
  48  8:10  Marauder x2, Widow Mine  
  48  8:11  Widow Mine  
  58  8:34  Marauder  
  58  8:35  Marauder  
  58  8:37  Marauder  
  60  8:56  Marauder  
  62  9:07  Widow Mine x2  
  62  9:08  Marauder x2  
  69  9:17  Marauder  
  71  9:29  Marauder x2  
  75  9:36  Widow Mine  
  77  9:42  Marauder  
  77  9:52  Concussive Shells  
  77  9:58  Marauder x2  
  77  9:59  Supply Depot  
  75  10:02  Orbital Command  
  75  10:03  Marauder  
  71  10:07  Terran Infantry Weapons Level 1  
  57  10:20  Marauder  
  51  11:00  Marauder  
  51  11:01  Marauder x2  
  57  11:09  Armory  
  55  11:22  Marauder x3  
  61  11:27  Missile Turret  
  61  11:43  Marauder x2  
  61  11:44  Marauder, Missile Turret  
  67  12:05  Marauder  
  67  12:07  Marauder  
  67  12:08  Marauder  
  73  12:26  Marauder  
  73  12:29  Marauder  
  77  12:39  Command Center  
  77  12:50  Cyclone  
  77  12:51  Cyclone  
  83  13:14  Marauder  
  85  13:22  Supply Depot  
  85  13:36  Cyclone  
  86  13:44  Marauder x3  
  92  14:05  Cyclone  
  92  14:06  Marauder x3  
  92  14:08  Cyclone  
  104  14:23  Orbital Command  
  104  14:31  Refinery, SCV  
  104  14:37  Cyclone  
  108  14:41  Missile Turret  
  108  14:43  SCV  
  107  14:51  Marine x2  
  107  14:52  Marine  
  72  15:41  Marine x2  
  37  15:59  Starport, Marine x2  
  37  16:01  Starport  
  37  16:03  Supply Depot  
  35  16:27  SCV  
  35  16:29  Marine x4  
  40  16:43  SCV  
  40  16:46  Marine  
  40  16:47  Marine x2  
  44  17:09  Missile Turret  
  40  17:32  Sensor Tower  
  39  17:54  Marine x4  
  43  18:03  Refinery  
  42  18:09  SCV  
  42  18:11  Thor, Marine  
  42  18:12  Marine x3  
  53  18:15  Starport Tech Lab  
  53  18:18  Starport Reactor  
  53  18:20  Starport Reactor  
  53  18:25  Starport  
  53  18:29  Marine x2  
  53  18:30  Marine x2  
  53  18:32  Sensor Tower  
  57  18:47  Marine x3  
  57  18:48  Marine  
  59  19:10  Marine x4  
  59  19:12  Sensor Tower  
Show
View Real Time Build Order
Export as new Build Order

Cadence Zerg 

Build Orders: Hatch First 

Get SALT Encoding   

  12  0:01  Drone  
  13  0:09  Drone  
  14  0:16  Overlord  
  14  0:25  Drone, Extractor  
  15  0:35  Drone x2  
  17  0:44  Drone  
  18  0:58  Hatchery  
  18  0:59  Drone  
  18  1:04  Extractor  
  17  1:20  Spawning Pool  
  16  1:26  Drone x2  
  16  1:28  Drone  
  19  1:40  Overlord  
  19  1:49  Drone  
  20  1:59  Drone  
  21  2:08  Metabolic Boost  
  21  2:09  Queen  
  21  2:10  Queen  
  21  2:13  Drone  
  26  2:16  Drone  
  26  2:21  Drone  
  26  2:22  Drone  
  29  2:33  Drone  
  29  2:34  Drone  
  31  2:43  Overlord  
  31  2:45  Drone  
  32  2:52  Drone  
  32  2:57  Drone  
  34  3:05  Drone x2  
  36  3:14  Overlord  
  36  3:15  Drone  
  36  3:19  Spore Crawler  
  36  3:20  Drone x2, Spore Crawler  
  36  3:21  Drone x2  
  36  3:22  Drone  
  36  3:24  Hatchery  
  36  3:26  Drone  
  40  3:30  Lair  
  40  3:33  Extractor  
  39  3:34  Drone  
  39  3:35  Extractor  
  39  3:37  Drone  
  39  3:40  Drone  
  41  3:44  Drone  
  42  3:51  Zergling x2  
  42  3:55  Drone  
  44  4:01  Drone x3, Extractor  
  46  4:05  Overlord x2  
  46  4:06  Drone x2  
  48  4:16  Drone  
  49  4:20  Overlord  
  49  4:26  Evolution Chamber  
  49  4:27  Drone, Evolution Chamber  
  48  4:32  Hydralisk Den  
  48  4:33  Zergling x2  
  48  4:34  Zergling x12  
  54  4:52  Overlord x3  
  54  4:53  Drone x2  
  54  4:54  Queen  
  58  5:00  Zerg Ground Armor Level 1, Zerg Missile Weapons Level 1  
  58  5:05  Muscular Augments  
  58  5:06  Drone  
  59  5:12  Overlord  
  59  5:13  Overlord  
  59  5:14  Drone  
  59  5:18  Spore Crawler  
  59  5:27  Overseer  
  59  5:28  Overseer  
  59  5:45  Hydralisk x6  
  59  5:46  Hydralisk  
  73  6:04  Drone  
  73  6:05  Drone x8  
  82  6:12  Spine Crawler  
  81  6:30  Drone  
  81  6:31  Drone x4  
  81  6:32  Drone  
  87  6:34  Extractor  
  87  6:35  Hydralisk x2, Extractor  
  89  6:46  Hydralisk x3  
  89  6:47  Hydralisk x4  
  103  7:09  Drone x3  
  104  7:19  Hydralisk x7  
  104  7:20  Hydralisk  
  120  7:27  Overlord x4  
  120  7:28  Overlord  
  120  7:29  Zerg Missile Weapons Level 2, Zerg Ground Armor Level 2  
  120  7:43  Hatchery  
  114  7:52  Roach Warren  
  114  7:55  Infestation Pit  
  104  8:09  Hydralisk  
  104  8:10  Hydralisk  
  104  8:11  Hydralisk x6  
  104  8:12  Hydralisk x2  
  124  8:24  Hydralisk  
  124  8:25  Hydralisk x3  
  132  8:28  Overlord x3  
  128  8:45  Hydralisk  
  128  8:46  Hydralisk x3  
  136  8:56  Drone x4  
  136  9:00  Hive  
  136  9:08  Hydralisk x6  
  146  9:13  Spore Crawler  
  146  9:14  Spore Crawler  
  146  9:15  Spore Crawler  
  146  9:16  Spore Crawler  
  142  9:19  Drone x6  
  148  9:30  Drone x2  
  148  9:31  Drone x2  
  152  9:34  Extractor  
  152  9:35  Extractor  
  138  9:42  Hydralisk x4  
  138  9:43  Hydralisk x6  
  136  9:54  Overlord x4  
  118  10:18  Hydralisk  
  118  10:19  Hydralisk x10  
  140  10:31  Drone x5, Spore Crawler  
  140  10:32  Spine Crawler  
  140  10:33  Spine Crawler  
  142  10:40  Glial Reconstitution, Ultralisk Cavern  
  141  10:45  Hydralisk x5  
  151  10:57  Zerg Missile Weapons Level 3  
  151  10:59  Zerg Ground Armor Level 3  
  149  11:15  Roach x5  
  149  11:16  Roach x3  
  157  11:45  Spine Crawler  
  156  11:47  Ultralisk x3  
  156  11:48  Ultralisk  
  156  11:53  Spine Crawler  
  179  11:58  Chitinous Plating  
  179  12:03  Overseer  
  179  12:05  Overseer x2  
  179  12:18  Drone x4  
  183  12:27  Overlord x2  
  183  12:28  Overlord x3  
  183  12:29  Hatchery  
  182  12:57  Ultralisk x3  
  196  13:00  Extractor  
  196  13:05  Extractor  
  194  13:28  Drone x3  
  197  13:34  Zerg Melee Weapons Level 1  
  197  13:35  Tunneling Claws  
  197  13:37  Adrenal Glands  
  197  13:39  Lurker Den  
  197  13:47  Spore Crawler  
  196  13:56  Spine Crawler  
  196  13:57  Spine Crawler  
  196  14:00  Drone x2  
  196  14:01  Spine Crawler, Drone x4  
  196  14:02  Spine Crawler  
  198  14:06  Drone x2  
  200  14:22  Overseer  
  200  14:34  Spore Crawler  
  200  14:38  Spore Crawler  
  198  14:39  Drone x2  
  198  14:42  Overlord x4  
  194  14:57  Hydralisk  
  194  14:58  Hydralisk x6  
  186  15:05  Hydralisk x6  
  186  15:06  Hydralisk x7  
  194  15:16  Hydralisk  
  194  15:17  Hydralisk x2  
  186  15:39  Spire  
  186  15:41  Spire  
  182  15:55  Hydralisk  
  182  15:56  Hydralisk x10  
  200  16:00  Extractor  
  200  16:01  Extractor  
  200  16:03  Hatchery  
  196  16:18  Hydralisk x2  
  194  16:35  Hydralisk x5  
  194  16:36  Hydralisk x2  
  196  16:43  Hydralisk x3  
  196  16:54  Zerg Flyer Weapons Level 1, Zerg Flyer Armor Level 1  
  194  17:02  Hydralisk  
  194  17:03  Hydralisk x2  
  200  17:15  Spore Crawler  
  199  17:34  Drone  
  200  17:37  Spore Crawler  
  200  17:40  Spore Crawler x2  
  185  17:51  Hydralisk x2  
  185  17:52  Hydralisk x5  
  199  18:11  Hydralisk x3  
  167  18:28  Corruptor x8  
  167  18:29  Corruptor x10  
  187  18:46  Hydralisk x6  
  195  18:58  Hydralisk  
  195  18:59  Hydralisk  
Show
View Real Time Build Order
Export as new Build Order

Loken Protoss 

Build Orders: 1 Gate Expand, Zealot Archon, Dark Templar Rush 

Get SALT Encoding   

  12  0:02  Probe (Chrono Boost)  
  13  0:13  Probe (Chrono Boost)  
  14  0:25  Pylon  
  14  0:26  Probe (Chrono Boost)  
  15  0:43  Probe (Chrono Boost)  
  15  0:46  Gateway  
  16  0:51  Assimilator  
  16  0:54  Probe (Chrono Boost)  
  16  0:55  Assimilator  
  17  1:04  Probe (Chrono Boost)  
  18  1:15  Probe (Chrono Boost)  
  19  1:25  Probe (Chrono Boost)  
  20  1:33  Nexus  
  20  1:42  Cybernetics Core  
  20  1:45  Probe (Chrono Boost)  
  21  1:55  Probe (Chrono Boost)  
  22  2:06  Probe (Chrono Boost)  
  23  2:12  Pylon  
  23  2:27  Twilight Council  
  23  2:30  Stalker, Probe (Chrono Boost)  
  26  2:37  Warp Gate  
  26  2:41  Assimilator, Probe (Chrono Boost)  
  27  2:45  Assimilator  
  27  2:49  Probe (Chrono Boost)  
  28  2:51  Probe (Chrono Boost)  
  29  2:59  Probe (Chrono Boost)  
  30  3:10  Probe (Chrono Boost)  
  30  3:12  Probe (Chrono Boost)  
  32  3:20  Probe (Chrono Boost)  
  32  3:22  Dark Shrine  
  32  3:24  Gateway  
  33  3:28  Probe (Chrono Boost)  
  33  3:29  Gateway  
  33  3:31  Probe (Chrono Boost)  
  35  3:36  Gateway  
  35  3:38  Pylon  
  35  3:40  Probe (Chrono Boost)  
  36  3:42  Probe (Chrono Boost)  
  37  3:59  Probe (Chrono Boost)  
  37  4:01  Probe (Chrono Boost)  
  39  4:11  Probe (Chrono Boost)  
  39  4:14  Pylon  
  39  4:16  Probe (Chrono Boost)  
  41  4:22  Probe (Chrono Boost)  
  42  4:26  Pylon, Probe (Chrono Boost)  
  43  4:32  Probe (Chrono Boost)  
  43  4:37  Probe (Chrono Boost)  
  45  4:43  Probe (Chrono Boost)  
  45  4:45  Dark Templar x3  
  49  4:46  Dark Templar  
  45  4:53  Dark Templar x3  
  45  4:54  Dark Templar  
  45  4:59  Blink  
  53  5:11  Probe (Chrono Boost)  
  54  5:19  Pylon  
  54  5:20  Pylon  
  54  5:21  Pylon  
  54  5:23  Pylon  
  54  5:37  Probe x2 (Chrono Boost)  
  56  5:48  Probe (Chrono Boost)  
  49  5:57  Dark Templar x2  
  49  5:58  Dark Templar x2  
  49  6:04  Gateway x2  
  57  6:06  Gateway  
  57  6:09  Gateway  
  57  6:10  Archon x2  
  57  6:11  Gateway  
  57  6:12  Gateway  
  57  6:25  Pylon  
  57  6:31  Pylon  
  57  6:34  Stalker x2  
  57  6:35  Stalker x2  
  65  6:56  Nexus  
  65  7:00  Charge  
  64  7:20  Stalker x3  
  64  7:21  Stalker x4  
  64  7:22  Stalker x3  
  82  8:01  Stalker x4  
  82  8:02  Stalker x5  
  82  8:03  Stalker  
  78  8:44  Stalker  
  78  8:45  Stalker x6  
  78  8:46  Stalker x3  
  82  9:12  Stalker  
  82  9:13  Stalker x5  
  82  9:14  Stalker x4  
  76  9:47  Dark Templar x4  
  76  9:49  Zealot  
  76  9:50  Zealot x5  
  54  10:37  Zealot x5  
  54  10:38  Zealot x5  
  74  11:00  Nexus  
  73  11:27  Stalker x5  
  73  11:28  Stalker x4  
  83  12:23  Dark Templar x3  
  83  12:24  Dark Templar x3  
  83  12:29  Archon x3  
  95  12:37  Assimilator  
  95  12:41  Assimilator  
  21  13:13  Templar Archives  
  21  13:22  Dark Templar  
  21  13:23  Dark Templar x6  
  23  14:25  Psionic Storm  
  21  14:35  High Templar x3  
  27  15:45  High Templar x2  
  27  15:48  High Templar  
  20  17:39  High Templar  
  14  19:08  Zealot x5  
  14  19:09  Zealot  
Show
View Real Time Build Order
Export as new Build Order

dallaskuken Protoss 

Build Orders: Forge Fast Expand (FFE) 

Get SALT Encoding   

  12  0:05  Probe (Chrono Boost)  
  13  0:13  Pylon  
  13  0:32  Forge  
  13  0:52  Pylon  
  13  0:58  Pylon  
  13  1:18  Photon Cannon  
  13  1:25  Probe (Chrono Boost)  
  13  1:39  Nexus  
  13  1:51  Assimilator  
  13  1:53  Probe (Chrono Boost)  
  14  2:04  Gateway  
  14  2:06  Probe (Chrono Boost)  
  14  2:07  Assimilator  
  15  2:17  Probe (Chrono Boost)  
  16  2:27  Probe (Chrono Boost)  
  17  2:38  Probe (Chrono Boost)  
  18  2:48  Probe (Chrono Boost)  
  19  2:56  Cybernetics Core  
  19  2:57  Probe (Chrono Boost)  
  20  2:59  Probe (Chrono Boost)  
  21  3:08  Probe (Chrono Boost)  
  21  3:09  Probe (Chrono Boost)  
  23  3:18  Warp Gate, Probe (Chrono Boost)  
  25  3:20  Probe (Chrono Boost)  
  25  3:29  Probe (Chrono Boost)  
  25  3:31  Probe (Chrono Boost)  
  27  3:39  Probe (Chrono Boost)  
  28  3:43  Probe (Chrono Boost)  
  28  3:47  Zealot  
  31  3:50  Probe (Chrono Boost)  
  31  3:54  Gateway x2  
  32  3:57  Pylon  
  32  4:00  Probe (Chrono Boost)  
  33  4:11  Probe (Chrono Boost)  
  33  4:12  Pylon  
  33  4:14  Pylon  
  34  4:20  Stargate  
  34  4:21  Probe (Chrono Boost)  
  35  4:32  Probe (Chrono Boost)  
  35  4:36  Stalker  
  38  4:43  Probe (Chrono Boost)  
  39  4:53  Probe (Chrono Boost)  
  40  5:04  Probe (Chrono Boost)  
  40  5:05  Assimilator  
  41  5:08  Assimilator  
  41  5:12  Fleet Beacon  
  41  5:14  Probe (Chrono Boost)  
  42  5:21  Void Ray  
  42  5:25  Probe (Chrono Boost)  
  42  5:27  Zealot x2  
  51  5:28  Sentry  
  53  5:47  Probe (Chrono Boost)  
  54  5:57  Pylon, Probe (Chrono Boost)  
  54  5:58  Pylon  
  54  5:59  Stalker x3  
  54  6:00  Pylon  
  54  6:01  Pylon  
  61  6:08  Probe (Chrono Boost)  
  62  6:12  Carrier  
  62  6:17  Protoss Air Weapons Level 1  
  68  6:18  Probe (Chrono Boost)  
  68  6:22  Mothership Core (Chrono Boost)  
  71  6:34  Pylon x2  
  71  6:36  Pylon  
  71  6:37  Stalker x3  
  71  6:38  Pylon  
  83  7:13  Probe (Chrono Boost)  
  84  7:27  Carrier  
  84  7:41  Zealot  
  84  7:42  Zealot x2  
  96  8:10  Nexus  
  96  8:14  Protoss Air Weapons Level 2  
  80  8:41  Carrier  
  76  9:13  Stalker x2  
  76  9:14  Stalker  
  74  9:56  Carrier  
  68  10:09  Probe (Chrono Boost)  
  73  10:18  Stargate  
  73  10:19  Stargate  
  73  10:20  Probe (Chrono Boost)  
  74  10:22  Stargate  
  74  10:24  Stargate  
  68  10:30  Probe (Chrono Boost)  
  69  10:41  Probe (Chrono Boost)  
  70  10:50  Protoss Air Weapons Level 3  
  70  10:51  Probe (Chrono Boost)  
  71  11:08  Probe (Chrono Boost)  
  71  11:09  Assimilator  
  71  11:10  Carrier  
  72  11:13  Assimilator  
  72  11:19  Probe (Chrono Boost)  
  72  11:21  Carrier  
  72  11:22  Carrier  
  90  11:29  Probe (Chrono Boost)  
  91  11:36  Carrier  
  98  11:40  Probe (Chrono Boost)  
  98  11:50  Carrier, Probe (Chrono Boost)  
  105  12:01  Probe (Chrono Boost)  
  106  12:07  Robotics Facility  
  106  12:11  Probe (Chrono Boost)  
  107  12:22  Probe (Chrono Boost)  
  108  12:25  Carrier  
  108  12:34  Probe (Chrono Boost)  
  115  12:45  Probe (Chrono Boost)  
  115  12:47  Carrier  
  122  12:55  Observer  
  122  12:56  Probe (Chrono Boost)  
  122  12:58  Stalker x3  
  126  13:04  Carrier  
  136  13:06  Probe (Chrono Boost)  
  137  13:17  Probe (Chrono Boost)  
  137  13:59  Carrier  
  137  14:04  Carrier  
  139  14:14  Carrier  
  101  15:25  Carrier x3  
  113  15:29  Carrier  
  107  15:56  Carrier  
  95  16:50  Carrier  
  89  17:20  Nexus  
  89  17:24  Assimilator  
  89  17:25  Assimilator  
  89  17:33  Nexus  
Show
View Real Time Build Order
Export as new Build Order

Myran Protoss 

Build Orders: Double Forge 

Get SALT Encoding   

  12  0:01  Probe (Chrono Boost)  
  13  0:15  Probe (Chrono Boost)  
  13  0:20  Pylon  
  14  0:30  Probe (Chrono Boost)  
  15  1:01  Probe (Chrono Boost)  
  16  1:04  Gateway  
  16  1:07  Assimilator  
  16  1:11  Probe (Chrono Boost)  
  17  1:22  Probe (Chrono Boost)  
  18  1:26  Pylon  
  18  1:29  Pylon  
  18  1:42  Probe (Chrono Boost)  
  19  1:52  Cybernetics Core  
  19  1:53  Probe (Chrono Boost)  
  20  1:57  Pylon  
  20  2:01  Assimilator  
  20  2:13  Forge  
  20  2:16  Probe (Chrono Boost)  
  20  2:33  Probe (Chrono Boost)  
  21  2:46  Probe (Chrono Boost)  
  22  2:53  Stargate, Nexus  
  22  2:56  Probe (Chrono Boost)  
  23  2:59  Pylon  
  23  3:02  Stalker  
  25  3:07  Probe (Chrono Boost)  
  25  3:08  Pylon  
  26  3:15  Warp Gate  
  26  3:23  Forge  
  26  3:27  Pylon  
  26  3:28  Probe (Chrono Boost)  
  27  3:40  Stalker  
  29  3:51  Void Ray  
  33  4:06  Probe (Chrono Boost)  
  34  4:17  Probe (Chrono Boost)  
  34  4:18  Stargate  
  35  4:28  Probe (Chrono Boost)  
  36  4:38  Probe (Chrono Boost)  
  37  4:39  Void Ray  
  36  5:11  Void Ray  
  40  5:39  Void Ray  
  44  5:45  Zealot  
  44  5:49  Nexus  
  46  5:50  Pylon  
  46  5:55  Assimilator  
  46  5:59  Assimilator  
  46  6:01  Gateway  
  46  6:08  Void Ray  
  50  6:20  Photon Cannon, Probe (Chrono Boost)  
  51  6:33  Void Ray  
  55  7:00  Pylon  
  55  7:01  Pylon  
  55  7:07  Pylon  
  55  7:10  Void Ray  
  59  7:37  Void Ray  
  61  7:53  Void Ray  
  61  7:55  Protoss Air Weapons Level 1  
  65  8:05  Probe (Chrono Boost)  
  66  8:08  Probe (Chrono Boost)  
  67  8:15  Probe (Chrono Boost)  
  67  8:19  Probe (Chrono Boost)  
  69  8:26  Probe (Chrono Boost)  
  70  8:32  Probe (Chrono Boost)  
  71  8:41  Void Ray  
  71  9:18  Void Ray  
  75  9:24  Void Ray  
  51  10:01  Void Ray  
  51  10:07  Void Ray  
  51  10:27  Protoss Air Armor Level 1  
  47  10:41  Fleet Beacon  
  47  10:45  Probe (Chrono Boost)  
  48  10:55  Probe (Chrono Boost)  
  49  11:06  Probe (Chrono Boost)  
  49  11:11  Void Ray  
  52  11:16  Probe (Chrono Boost)  
  52  11:27  Probe (Chrono Boost)  
  52  11:30  Void Ray  
  57  11:53  Void Ray  
  61  12:02  Nexus  
  61  12:12  Carrier, Protoss Air Weapons Level 2  
  67  12:21  Pylon  
  67  12:28  Graviton Catapult  
  67  12:37  Probe (Chrono Boost)  
  64  12:48  Probe (Chrono Boost)  
  65  12:58  Probe (Chrono Boost)  
  66  13:09  Probe (Chrono Boost)  
  67  13:15  Carrier  
  74  13:20  Probe (Chrono Boost)  
  74  13:48  Carrier  
  80  14:10  Protoss Air Armor Level 2  
  80  14:41  Carrier  
  82  15:14  Carrier  
  88  16:10  Pylon  
  88  16:12  Pylon  
  88  16:14  Pylon  
  88  16:16  Pylon  
  88  16:28  Carrier  
  86  16:40  Carrier  
  66  17:01  Nexus  
  66  17:34  Pylon  
  66  18:53  Probe (Chrono Boost)  
  55  19:04  Probe (Chrono Boost)  
  56  19:14  Probe (Chrono Boost)  
  57  19:25  Probe (Chrono Boost)  
Tags
 
Add a new tag
Caveats
  • Supply blocks, unpowered buildings, or Contaminate may cause inaccurate times.
  • Supply counts are checked every 10 seconds.